 Dungeon Crawl Stone Soup version 0.29.0-4-gdea44cf6ec (webtiles) character file.

Game seed: 7293932198715557738

2557 qw the Cleaver (level 9, -5/55 HPs)
             Began as a Tengu Warper on Aug 28, 2022.
             Was an Initiate of Okawaru.
             Slain by a meliai
             ... wielding a +0 hand axe
              (8 damage)
             ... on level 8 of the Dungeon.
             The game lasted 00:00:55 (8948 turns).

qw the Cleaver (Tengu Warper)                       Turns: 8948, Time: 00:00:55

Health: -5/55      AC: 10    Str: 23    XL:     9   Next: 56%
Magic:  13/13      EV: 11    Int: 16    God:    Okawaru [......]
Gold:   403        SH:  0    Dex: 13    Spells: 12/12 levels left

rFire   . . .      SeeInvis .   Y - +4 war axe (flame)
rCold   . . .      Faith    .   (no shield)
rNeg    . . .      Spirit   .   b - +0 chain mail
rPois   .          Reflect  .   i - +1 hat {Int+3}
rElec   .          Harm     .   (no cloak)
rCorr   .          Rampage  .   (no gloves)
Will    .....                   (boots unavailable)
Stlth   ..........              (no amulet)
HPRegen 0.18/turn               k - +6 ring of strength
MPRegen 0.13/turn               (no ring)

@: flying quickly and evasively, quick
A: beak, talons 3, nimble flight
a: Renounce Religion


You were on level 8 of the Dungeon.
You worshipped Okawaru.
Okawaru was noncommittal.
You visited 2 branches of the dungeon, and saw 9 of its levels.

You collected 403 gold pieces.


Innate Abilities, Weirdness & Mutations

You have a beak for a mouth.
You have claws for feet.
Your magical nature lets you fly swiftly and evasively.


   Skills:
 - Level 5.8 Fighting
 + Level 11.8 Axes
 - Level 1.0 Throwing
 - Level 3.5 Armour
 - Level 3.4 Dodging
 - Level 2.0 Spellcasting
 - Level 2.4 Translocations


You had 12 spell levels left.
You didn't know any spells.
Your spell library contained the following spells:

 Spells                   Type           Power      Damage    Failure   Level
 Blink                    Tloc           18%        N/A       67%         2
 Gell's Gravitas          Tloc           9%         N/A       88%         3
 Lesser Beckoning         Tloc           9%         N/A       88%         3
 Teleport Other           Tloc           9%         N/A       88%         3
 Manifold Assault         Tloc           9%         N/A       100%        5

Inventory:

Hand Weapons
 Y - a +4 war axe of flaming (weapon)
Missiles
 f - 7 boomerangs (quivered)
Armour
 b - a +0 chain mail (worn)
 i - a +1 hat of intelligence (worn)
Jewellery
 k - a +6 ring of strength (left hand)
Wands
 h - a wand of digging (3)
Scrolls
 a - a scroll of identify
Potions
 c - 2 potions of mutation
 d - 5 potions of curing
 e - 2 potions of haste
 g - 2 potions of heal wounds
 l - 2 potions of might
 m - a potion of cancellation

Dungeon Overview and Level Annotations

Branches:
Dungeon (8/15)             Temple (1/1) D:7
   Lair: D:8-11

Altars:
Ashenzari
Cheibriados
Dithmenos
Elyvilon
Fedhas
Gozag
Hepliaklqana
Makhleb
Nemelex Xobeh
Okawaru
Qazlal
Trog
Wu Jian
Xom
Yredelemnul
Zin
The Shining One
Lugonu

Annotations:
D:5 3 runed translucent doors, qw's ghost, novice TeWr


Message History

You finish putting on your +1 hat of intelligence.
You feel clever.
Done exploring.
(D) Dungeon (T) Temple
Where to? (* - list waypoints, Enter - D:7, ? - help)
What level of the Dungeon? (default 1, ? - help)
There is a stone staircase leading down here.
You fly downwards.
You hear the hiss of flowing sand.
There is an entrance to an ossuary on this level.
Hurry and find it before the portal is buried!
The meliai buzzes angrily.
Found 13 gold pieces.
There is a stone staircase leading up here.
There are monsters nearby!
Existing waypoints: (1) D:7 (2) D:6 Assign waypoint to what number? (0-9, D - delete waypoint) Waypoint 2 re-assigned from D:6 to D:8.
8946 ||| PLANNING OSSUARY A meliai comes into view.
It is wielding a +0 hand axe.
Found a scroll of identify.
The meliai buzzes angrily.
The meliai hits you with a +0 hand axe! The meliai stings you.
You hit the meliai. You burn the meliai.
The meliai is lightly wounded.
The meliai hits you with a +0 hand axe.
The meliai stings you but does no damage.
The meliai calls down the wrath of its god upon you.
Something smites you! The meliai closely misses you. The meliai stings you.
The meliai calls upon its god to heal the meliai.
The meliai's wounds heal themselves!
You hit the meliai. You burn the meliai. Your kick misses the meliai.
The meliai is moderately wounded.
You hit the meliai. You burn the meliai.
The meliai hits you with a +0 hand axe! The meliai stings you.
The meliai closely misses you.
The meliai stings you but does no damage.
The meliai barely misses you. The meliai stings you.
The meliai hits you with a +0 hand axe! The meliai stings you!
You die...

.. .# . .### ..
## ...#...
...#### .......
.......##.......
....$...#y.....?
#.<@yy.....
#..##...... ####
..#.. .# #


You could see 3 meliai.

Vanquished Creatures
  Prince Ribbit (D:5)
  Grinder (D:4)
  Sigmund (D:5)
  2 black bears
  4 ogres
  A centaur (D:5)
  A kobold brigand (D:7)
  A bullfrog (D:7)
  2 necrophages
  A scorpion (D:5)
  Blork the orc (D:6)
  A howler monkey (D:5)
  A bullfrog zombie (D:4)
  2 hounds
  2 jellies
  7 orc priests
  A gnoll bouda (D:7)
  6 iguanas
  Ijyb (D:4)
  6 orc wizards
  2 hound zombies (D:4)
  Robin (D:3)
  3 gnolls (D:7)
  10 adders
  A shadow imp (D:7)
  An ufetubus (D:5)
  An adder zombie (D:4)
  2 worms
  2 dart slugs
  27 orcs
  2 bats
  An endoplasm (D:2)
  3 giant cockroaches
  16 goblins
  9 hobgoblins
  3 jackals (D:1)
  7 quokkas
  4 ball pythons
  5 frilled lizards
  11 kobolds
  6 rats
160 creatures vanquished.

Notes
Turn   | Place    | Note
-------+----------+-------------------------------------------
     0 | D:1      | qw the Tengu Warper began the quest for the Orb.
     0 | D:1      | Reached XP level 1. HP: 12/12 MP: 4/4
     0 | D:1      | 0 ||| qw: Version: 0.1-a-89-g26bdef1
     0 | D:1      | 0 ||| qw: Game counter: 1776
     0 | D:1      | 0 ||| qw: Always use a shield: true
     0 | D:1      | 0 ||| qw: God list: Okawaru
     0 | D:1      | 0 ||| qw: Allow faded altars: false
     0 | D:1      | 0 ||| qw: Do Orc after D:15 true
     0 | D:1      | 0 ||| qw: Do second Lair branch before Depths: true
     0 | D:1      | 0 ||| qw: Lair rune preference: random
     0 | D:1      | 0 ||| qw: Plans: Normal
     0 | D:1      | 0 ||| PLANNING D:1-11
   221 | D:1      | Reached skill level 3 in Axes
   221 | D:1      | Reached XP level 2. HP: 8/17 MP: 6/6
   842 | D:1      | Reached XP level 3. HP: 19/21 MP: 7/7
  1048 | D:1      | HP: 5/21 [poisoned by a kobold]
  1281 | D:1      | 1281 ||| DROPPING +0 whip.
  1329 | D:1      | 1329 ||| SWAPPING to +0 war axe of flaming.
  1330 | D:1      | 1330 ||| DROPPING +0 hand axe.
  1331 | D:1      | 1331 ||| DROPPING +2 whip of venom.
  1396 | D:1      | Reached skill level 4 in Axes
  1635 | D:1      | 1635 ||| UPGRADING to +0 scale mail.
  1645 | D:1      | 1645 ||| DROPPING +0 leather armour.
  1646 | D:1      | 1646 ||| READING 4 scrolls labelled ROAFIC RUESCH.
  1647 | D:1      | 1647 ||| READING 3 scrolls of enchant weapon.
  1647 | D:1      | 1647 ||| ENCHANTING +1 war axe of flaming.
  1648 | D:1      | 1648 ||| READING 2 scrolls of enchant weapon.
  1648 | D:1      | 1648 ||| ENCHANTING +2 war axe of flaming.
  1649 | D:1      | 1649 ||| READING scroll of enchant weapon.
  1649 | D:1      | 1649 ||| ENCHANTING +3 war axe of flaming.
  1650 | D:1      | 1650 ||| READING scroll labelled GUBEOVVI ZEOMP.
  1651 | D:1      | 1651 ||| READING scroll labelled FUORO IDY POL.
  1652 | D:1      | 1652 ||| DROPPING scroll of blinking.
  1888 | D:2      | 1888 ||| FLEEEEING.
  1891 | D:2      | 1891 ||| FLEEEEING.
  1892 | D:2      | 1892 ||| FLEEEEING.
  1893 | D:2      | 1893 ||| FLEEEEING.
  1894 | D:2      | 1894 ||| FLEEEEING.
  1895 | D:2      | 1895 ||| FLEEEEING.
  1896 | D:2      | 1896 ||| FLEEEEING.
  1897 | D:2      | 1897 ||| FLEEEEING.
  1901 | D:2      | 1901 ||| FLEEEEING.
  1907 | D:2      | 1907 ||| FLEEEEING.
  1908 | D:2      | 1908 ||| FLEEEEING.
  1920 | D:2      | 1920 ||| FLEEEEING.
  1927 | D:2      | 1927 ||| FLEEEEING.
  1930 | D:2      | 1930 ||| STAIRDANCE
  2002 | D:1      | 2002 ||| DRINKING 2 ruby potions.
  2003 | D:1      | 2003 ||| DRINKING 2 sapphire potions.
  2004 | D:1      | 2004 ||| DROPPING potion of degeneration.
  2187 | D:2      | Reached XP level 4. HP: 26/26 MP: 8/8
  2319 | D:2      | 2319 ||| READING scroll labelled ROPTAH WUMMAE.
  2320 | D:2      | 2320 ||| READING 2 scrolls of identify.
  2320 | D:2      | 2320 ||| IDENTIFYING bubbling sapphire potion
  2321 | D:2      | 2321 ||| DROPPING potion of brilliance.
  2359 | D:3      | 2359 ||| Stepping ~*~*~tactically~*~*~ (stealth).
  2402 | D:3      | 2402 ||| FLEEEEING.
  2403 | D:3      | 2403 ||| STAIRDANCE
  2528 | D:3      | Reached skill level 5 in Axes
  2582 | D:3      | Found a shadowy altar of Dithmenos.
  2594 | D:3      | 2594 ||| Stepping ~*~*~tactically~*~*~ (stealth).
  2595 | D:3      | 2595 ||| Stepping ~*~*~tactically~*~*~ (stealth).
  2824 | D:3      | Found a sparkling altar of Nemelex Xobeh.
  2968 | D:3      | Noticed Robin
  2969 | D:3      | 2969 ||| Stepping ~*~*~tactically~*~*~ (hiding).
  2974 | D:3      | Killed Robin
  2975 | D:3      | Gained mutation: Your magical nature lets you fly swiftly
                  | and evasively. [Tengu growth]
  2975 | D:3      | Reached XP level 5. HP: 27/30 MP: 9/9
  2976 | D:3      | 2976 ||| Stepping ~*~*~tactically~*~*~ (hiding).
  2977 | D:3      | 2977 ||| FLEEEEING.
  2986 | D:3      | 2986 ||| Stepping ~*~*~tactically~*~*~ (hiding).
  3178 | D:3      | 3178 ||| READING scroll labelled ZAN ENIFFAKONO.
  3181 | D:3      | 3181 ||| READING scroll labelled MOIMU JIGGE.
  3182 | D:3      | 3182 ||| READING scroll labelled SUMUSTRU FIJOC.
  3183 | D:3      | 3183 ||| READING 2 scrolls of identify.
  3183 | D:3      | 3183 ||| IDENTIFYING murky orange potion
  3212 | D:4      | Found a white marble altar of Elyvilon.
  3219 | D:4      | Reached skill level 6 in Axes
  3459 | D:4      | Reached skill level 7 in Axes
  3459 | D:4      | Reached XP level 6. HP: 32/35 MP: 10/10
  3666 | D:4      | 3666 ||| Stepping ~*~*~tactically~*~*~ (stealth).
  3691 | D:4      | Noticed Grinder
  3700 | D:4      | Killed Grinder
  3701 | D:4      | Reached XP level 7. HP: 30/44 MP: 11/11
  3831 | D:4      | 3831 ||| FLEEEEING.
  3833 | D:4      | 3833 ||| FLEEEEING.
  3834 | D:4      | 3834 ||| FLEEEEING.
  3840 | D:4      | 3840 ||| FLEEEEING.
  3841 | D:4      | 3841 ||| FLEEEEING.
  3842 | D:4      | 3842 ||| FLEEEEING.
  3843 | D:4      | 3843 ||| FLEEEEING.
  3844 | D:4      | 3844 ||| FLEEEEING.
  3845 | D:4      | 3845 ||| FLEEEEING.
  3846 | D:4      | 3846 ||| FLEEEEING.
  3847 | D:4      | 3847 ||| FLEEEEING.
  3848 | D:4      | 3848 ||| FLEEEEING.
  3849 | D:4      | 3849 ||| FLEEEEING.
  3850 | D:4      | 3850 ||| FLEEEEING.
  3857 | D:4      | 3857 ||| FLEEEEING.
  3858 | D:4      | 3858 ||| FLEEEEING.
  4074 | D:4      | Reached skill level 8 in Axes
  4142 | D:4      | Found a basalt altar of Yredelemnul.
  4148 | D:4      | 4148 ||| Stepping ~*~*~tactically~*~*~ (stealth).
  4151 | D:4      | 4151 ||| Stepping ~*~*~tactically~*~*~ (stealth).
  4152 | D:4      | 4152 ||| Stepping ~*~*~tactically~*~*~ (stealth).
  4314 | D:4      | Noticed Ijyb
  4315 | D:4      | 4315 ||| Stepping ~*~*~tactically~*~*~ (hiding).
  4332 | D:4      | Killed Ijyb
  4653 | D:4      | Found a blossoming altar of Fedhas.
  4653 | D:4      | Found a bloodstained altar of Trog.
  4694 | D:4      | 4694 ||| UPGRADING to +0 chain mail.
  4704 | D:4      | 4704 ||| DROPPING +0 scale mail.
  4705 | D:4      | 4705 ||| READING scroll labelled AWOUGU TETSO.
  4891 | D:5      | Entered Level 5 of the Dungeon
  4940 | D:5      | Reached XP level 8. HP: 48/48 MP: 12/12
  5132 | D:5      | 5132 ||| Stepping ~*~*~tactically~*~*~ (hiding).
  5235 | D:5      | Found a runed translucent gate.
  5235 | D:5      | Found a runed translucent gate.
  5235 | D:5      | Found a runed translucent gate.
  5239 | D:5      | Noticed qw's ghost (novice TeWr)
  5274 | D:5      | Reached skill level 9 in Axes
  5316 | D:5      | 5316 ||| Stepping ~*~*~tactically~*~*~ (stealth).
  5332 | D:5      | Reached skill level 3 in Armour
  5339 | D:5      | 5339 ||| FLEEEEING.
  5340 | D:5      | 5340 ||| FLEEEEING.
  5347 | D:5      | 5347 ||| FLEEEEING.
  5348 | D:5      | 5348 ||| FLEEEEING.
  5349 | D:5      | 5349 ||| FLEEEEING.
  5350 | D:5      | 5350 ||| FLEEEEING.
  5351 | D:5      | 5351 ||| FLEEEEING.
  5352 | D:5      | 5352 ||| FLEEEEING.
  5353 | D:5      | 5353 ||| FLEEEEING.
  5364 | D:5      | 5364 ||| FLEEEEING.
  5365 | D:5      | 5365 ||| FLEEEEING.
  5366 | D:5      | 5366 ||| FLEEEEING.
  5367 | D:5      | 5367 ||| FLEEEEING.
  5492 | D:5      | 5492 ||| Stepping ~*~*~tactically~*~*~ (hiding).
  5895 | D:5      | Noticed Sigmund
  5896 | D:5      | 5896 ||| Stepping ~*~*~tactically~*~*~ (hiding).
  5902 | D:5      | Killed Sigmund
  5994 | D:5      | 5994 ||| Stepping ~*~*~tactically~*~*~ (hiding).
  5996 | D:5      | 5996 ||| Stepping ~*~*~tactically~*~*~ (hiding).
  5997 | D:5      | 5997 ||| Stepping ~*~*~tactically~*~*~ (hiding).
  5998 | D:5      | 5998 ||| Stepping ~*~*~tactically~*~*~ (hiding).
  5999 | D:5      | 5999 ||| Stepping ~*~*~tactically~*~*~ (hiding).
  6000 | D:5      | 6000 ||| Stepping ~*~*~tactically~*~*~ (hiding).
  6001 | D:5      | 6001 ||| Stepping ~*~*~tactically~*~*~ (hiding).
  6002 | D:5      | 6002 ||| Stepping ~*~*~tactically~*~*~ (hiding).
  6004 | D:5      | 6004 ||| Stepping ~*~*~tactically~*~*~ (hiding).
  6011 | D:5      | Reached skill level 10 in Axes
  6395 | D:5      | 6395 ||| READING 3 scrolls of identify.
  6395 | D:5      | 6395 ||| IDENTIFYING silvery potion
  6396 | D:5      | 6396 ||| READING 2 scrolls of identify.
  6396 | D:5      | 6396 ||| IDENTIFYING amethyst potion
  6425 | D:6      | Noticed Prince Ribbit
  6429 | D:6      | 6429 ||| FLEEEEING.
  6430 | D:6      | 6430 ||| FLEEEEING.
  6431 | D:6      | 6431 ||| FLEEEEING.
  6432 | D:6      | 6432 ||| FLEEEEING.
  6433 | D:6      | 6433 ||| STAIRDANCE
  6445 | D:5      | HP: 12/48 [something (3)]
  6670 | D:6      | 6670 ||| STAIRDANCE
  6741 | D:6      | 6741 ||| STAIRDANCE
  6747 | D:5      | Killed Prince Ribbit
  6748 | D:5      | Reached XP level 9. HP: 39/55 MP: 13/13
  6972 | D:6      | Reached skill level 3 in Dodging
  7107 | D:6      | Identified the +1 robe of a Thousand Defenders {Will++
                  | Int-2 Dex+9 Archmagi}
  7218 | D:6      | Noticed Blork the orc
  7219 | D:6      | 7219 ||| Stepping ~*~*~tactically~*~*~ (hiding).
  7220 | D:6      | 7220 ||| Stepping ~*~*~tactically~*~*~ (hiding).
  7225 | D:6      | Killed Blork the orc
  7348 | D:6      | 7348 ||| UPGRADING to +6 ring of strength.
  7349 | D:6      | 7349 ||| DRINKING 2 golden potions.
  7370 | D:6      | 7370 ||| DROPPING potion of lignification.
  7384 | D:7      | 7384 ||| Stepping ~*~*~tactically~*~*~ (hiding).
  7492 | D:7      | 7492 ||| Stepping ~*~*~tactically~*~*~ (hiding).
  7499 | D:7      | 7499 ||| Stepping ~*~*~tactically~*~*~ (stealth).
  7516 | D:7      | 7516 ||| FLEEEEING.
  7521 | D:7      | 7521 ||| STAIRDANCE
  7605 | D:7      | 7605 ||| Stepping ~*~*~tactically~*~*~ (hiding).
  7606 | D:7      | 7606 ||| Stepping ~*~*~tactically~*~*~ (stealth).
  7607 | D:7      | 7607 ||| Stepping ~*~*~tactically~*~*~ (hiding).
  7614 | D:7      | Reached skill level 11 in Axes
  7660 | D:7      | 7660 ||| FLEEEEING.
  7669 | D:7      | 7669 ||| STAIRDANCE
  7884 | D:7      | 7884 ||| Stepping ~*~*~tactically~*~*~ (stealth).
  7892 | D:7      | 7892 ||| Stepping ~*~*~tactically~*~*~ (hiding).
  7893 | D:7      | 7893 ||| Stepping ~*~*~tactically~*~*~ (hiding).
  7894 | D:7      | 7894 ||| Stepping ~*~*~tactically~*~*~ (hiding).
  7896 | D:7      | 7896 ||| Stepping ~*~*~tactically~*~*~ (hiding).
  7897 | D:7      | 7897 ||| Stepping ~*~*~tactically~*~*~ (hiding).
  7961 | D:7      | 7961 ||| Stepping ~*~*~tactically~*~*~ (stealth).
  7962 | D:7      | 7962 ||| Stepping ~*~*~tactically~*~*~ (stealth).
  7967 | D:7      | 7967 ||| Stepping ~*~*~tactically~*~*~ (stealth).
  7972 | D:7      | 7972 ||| Stepping ~*~*~tactically~*~*~ (stealth).
  7976 | D:7      | 7976 ||| Stepping ~*~*~tactically~*~*~ (stealth).
  7987 | D:7      | 7987 ||| Stepping ~*~*~tactically~*~*~ (stealth).
  7989 | D:7      | 7989 ||| Stepping ~*~*~tactically~*~*~ (stealth).
  8010 | D:7      | 8010 ||| Stepping ~*~*~tactically~*~*~ (stealth).
  8011 | D:7      | 8011 ||| Stepping ~*~*~tactically~*~*~ (stealth).
  8012 | D:7      | 8012 ||| Stepping ~*~*~tactically~*~*~ (stealth).
  8127 | D:7      | Found a burning altar of Makhleb.
  8127 | D:7      | Found a stormy altar of Qazlal.
  8223 | D:7      | Found a staircase to the Ecumenical Temple.
  8224 | D:7      | 8224 ||| PLANNING TEMPLE
  8224 | D:7      | 8224 ||| READING scroll labelled PAOCYH RECU.
  8225 | D:7      | 8225 ||| READING 4 scrolls of identify.
  8225 | D:7      | 8225 ||| IDENTIFYING bubbling yellow potion
  8226 | D:7      | 8226 ||| READING 3 scrolls of identify.
  8226 | D:7      | 8226 ||| IDENTIFYING fuming emerald potion
  8227 | D:7      | 8227 ||| READING 2 scrolls of identify.
  8227 | D:7      | 8227 ||| IDENTIFYING sedimented coppery potion
  8228 | D:7      | 8228 ||| DROPPING potion of attraction.
  8229 | D:7      | 8229 ||| DROPPING potion of flight.
  8230 | D:7      | 8230 ||| Stepping randomly (stuck).
  8231 | D:7      | 8231 ||| Stepping ~*~*~tactically~*~*~ (cloud).
  8348 | D:7      | 8348 ||| Stepping ~*~*~tactically~*~*~ (stealth).
  8350 | D:7      | 8350 ||| Stepping ~*~*~tactically~*~*~ (hiding).
  8355 | D:7      | 8355 ||| Stepping ~*~*~tactically~*~*~ (stealth).
  8383 | Temple   | Entered the Ecumenical Temple
  8399 | Temple   | Became a worshipper of Warmaster Okawaru
  8419 | Temple   | 8419 ||| PLANNING D:1-11
  8776 | D:7      | 8776 ||| Stepping ~*~*~tactically~*~*~ (hiding).
  8918 | D:7      | 8918 ||| READING scroll labelled WAPRUCUAVO.
  8918 | D:7      | Identified a scroll of acquirement
  8918 | D:7      | 8918 ||| ACQUIRING +1 hat of intelligence
  8918 | D:7      | Acquired a +1 hat of intelligence
  8920 | D:7      | 8920 ||| UPGRADING to +1 hat of intelligence.
  8945 | D:8      | Noticed a meliai
  8945 | D:8      | Noticed a meliai
  8946 | D:8      | 8946 ||| PLANNING OSSUARY
  8946 | D:8      | Noticed a meliai
  8948 | D:8      | HP: 11/55 [meliai/+0 hand axe (4)]
  8948 | D:8      | HP: 3/55 [meliai/+0 hand axe (8)]
  8948 | D:8      | Slain by a meliai

Levels and vault maps discovered:
D:1:      dpeg_arrival_orchard, layout_loops_ring, minmay_tetromino_s2
D:2:      layout_rooms
D:3:      layout_rooms, grunt_dithmenos_smoke_and_mirrors, lemuel_doored_altar,
          uniq_robin
D:4:      layout_cave_pods, nicolae_yredelemnul_corpse_copse,
          gammafunk_temple_overflow_elements, mainiacjoe_overflow_alcove_1,
          uniq_ijyb, uniq_grinder
D:5:      minmay_inner_zag, layout_basic, ebering_ghost_rock_garden,
          uniq_sigmund
D:6:      layout_gridville, uniq_blork_the_orc, uniq_prince_ribbit1
D:7:      layout_basic, gammafunk_temple_overflow_pools,
          minmay_temple_entry_large_hall
D:8:      layout_cave_pools, nicolae_ru_awakened_eye,
          nicolae_ossuary_entry_monument
Temple:   corrupted_temple

Skill      XL: |  1  2  3  4  5  6  7  8  9 |
---------------+----------------------------+-----
Axes           | 3 4 5 7 8 10 11 | 11.8
Fighting       | 4 5 |  5.8
Armour         | 2 3 |  3.5
Dodging        | 3 |  3.4
Throwing       | |  1.0
Spellcasting   | |  2.0
Translocations | |  2.4

Action                   |  1- 3 |  4- 6 |  7- 9 || total
-------------------------+-------+-------+-------++-------
Melee: Hand axe          |    55 |       |       ||    55
       Kick              |    15 |    12 |    41 ||    68
       Peck              |    10 |     9 |    29 ||    48
       War axe           |    30 |    79 |   173 ||   282
       Punch             |       |       |     2 ||     2
       Unarmed           |       |       |     5 ||     5
Throw: Boomerang         |     7 |       |    41 ||    48
  Use: Scroll            |     6 |     6 |     8 ||    20
       Potion            |     2 |       |     1 ||     3
Armor: Leather armour    |    12 |       |       ||    12
       Scale mail        |    13 |    40 |     8 ||    61
       Chain mail        |       |       |    57 ||    57
Dodge: Dodged            |    27 |    33 |    69 ||   129

Table legend:
 A = Non-vault XP
 B = Vault XP
 C = Vault XP percentage of total XP
 D = Non-vault monster count
 E = Vault monster count
 F = Vault count percentage of total count
                 A         B        C        D         E       F
            +---------+---------+-------+---------+---------+-------
      Total |    2448 |    1206 |  33.0 |     134 |      26 |  16.2
            +---------+---------+-------+---------+---------+-------
        D:1 |      46 |       1 |   2.1 |      28 |       1 |   3.4
        D:2 |      35 |       0 |   0.0 |      12 |       0 |   0.0
        D:3 |      79 |      35 |  30.7 |      12 |      11 |  47.8
        D:4 |     554 |     391 |  41.4 |      19 |       6 |  24.0
        D:5 |     487 |     692 |  58.7 |      20 |       7 |  25.9
        D:6 |     480 |      87 |  15.3 |      15 |       1 |   6.2
        D:7 |     767 |       0 |   0.0 |      28 |       0 |   0.0
            +---------+---------+-------+---------+---------+-------
